 Dungeon Crawl Stone Soup version 0.17-a0-1636-g3119f2b (webtiles) character file.

644 mrath the Digger (level 7, -2/37 HPs)
             Began as a Gargoyle Earth Elementalist on Aug 6, 2015.
             Was an Initiate of Vehumet.
             Shot with an arrow of flame by a centaur (3 damage)
             ... on level 5 of the Dungeon.
             The game lasted 01:10:30 (7571 turns).

mrath the Digger (Gargoyle Earth Elementalist)      Turns: 7571, Time: 01:10:31

Health: -2/37      AC:  8    Str: 11    XL:     7   Next: 52%
Magic:  7/14       EV: 12    Int: 18    God:    Vehumet [......]
Gold:   243        SH:  0    Dex: 10    Spells: 4 memorised, 4 levels left

rFire  . . .     SeeInvis .     a - 18 stones
rCold  . . .     Clarity  .     b - +0 robe
rNeg   + . .     SustAt   .     (no shield)
rPois  ∞         Gourm    .     (no helmet)
rElec  +         Spirit   .     s - +0 cloak (curse)
rCorr  .         Warding  .     M - +0 pair of gloves
rMut   .         Stasis   .     (no boots)
MR     .....                    (no amulet)
Stlth  ++........               (no ring)
                                (no ring)

@: not resistant to hostile enchantments, unstealthy
A: negative energy resistance 1, electricity resistance, unbreathing,
petrification resistance, rot immunity, AC +4
a: Renounce Religion


You were on level 5 of the Dungeon.
You worshipped Vehumet.
Vehumet was noncommittal.
You were not hungry.

You visited 2 branches of the dungeon, and saw 6 of its levels.

You collected 243 gold pieces.

Inventory:

Hand weapons
 d - a +0 spear
 f - a +0 club
 p - a cursed -2 dagger
 q - a +0 dagger of venom
 r - a +4 whip
 y - a +0 blowgun
 C - a +0 mace
 G - a +0 flail
Missiles
 a - 18 stones (in hand)
 j - 17 sling bullets
 t - 7 javelins (quivered)
 z - 47 poisoned needles
 F - 7 tomahawks
Armour
 b - a +0 robe (worn)
 s - a cursed +0 cloak (worn)
 M - a +0 pair of gloves (worn)
Magical devices
 E - a wand of disintegration (14)
Scrolls
 e - a scroll of enchant weapon {unknown}
 n - a scroll of random uselessness {unknown}
 u - a scroll of identify {unknown}
 v - 2 scrolls of teleportation {unknown}
 w - a scroll of amnesia {unknown}
 H - a scroll of fear {unknown}
Potions
 g - a potion of brilliance {unknown}
 h - a potion of degeneration {unknown}
 i - a potion of heal wounds
 k - 2 potions of curing {unknown}
 l - a potion of poison {unknown}
 m - a potion of flight {unknown}
 o - a potion of ambrosia {unknown}
 x - 2 potions of might {unknown}
 D - 2 potions of lignification {unknown}
 I - a potion of cancellation {unknown}
 J - a potion of cure mutation {unknown}
Books
 c - a book of Geomancy

   Spells                             Type                      Level
   a - Sandblast                      Earth                        1
   b - Stoneskin                      Transmutation/Earth          2
   c - Passwall                       Transmutation/Earth          3
   d - Stone Arrow                    Conjuration/Earth            3
   e - Petrify                        Transmutation/Earth          4
   f - Lee's Rapid Deconstruction     Earth                        5
Comestibles
 A - 2 bread rations
 B - a meat ration
 K - a royal jelly
 L - a beef jerky


   Skills:
 + Level 0.4 Fighting
 + Level 0.2 Maces & Flails
 + Level 2.4 Dodging
 - Level 2.2 Stealth
 + Level 4.9 Spellcasting
 - Level 0.7 Transmutations
 + Level 7.5 Earth Magic


You had 4 spell levels left.
You knew the following spells:

 Your Spells              Type           Power        Failure   Level  Hunger
a - Sandblast             Erth           ####..       1%          1    None
b - Stoneskin             Trmt/Erth      ###.....     4%          2    #......
c - Stone Arrow           Conj/Erth      ###...       10%         3    ###....
d - Lee's Rapid Deconstr  Erth           ####......   21%         5    ######.


Dungeon Overview and Level Annotations

Branches:
Dungeon (5/15)             Temple (1/1) D:4

Altars:
Ashenzari
Cheibriados
Elyvilon
Fedhas
Gozag
Kikubaaqudgha
Makhleb
Nemelex Xobeh
Okawaru
Qazlal
Ru
Sif Muna
Vehumet
Yredelemnul

Annotations:
D:4 ololoev's ghost, average DrAE


Innate Abilities, Weirdness & Mutations

You are resistant to torment.
Your stone body is resilient (AC +4).
You are immune to poison.
You resist negative energy.
You are resistant to electric shocks.
You can survive without breathing.
You are immune to petrification.
You are immune to rotting.


Message History

The centaur shoots an arrow of flame.
The arrow of flame hits you.
* * * LOW HITPOINT WARNING * * *
The arrow of flame burns you.
* * * LOW HITPOINT WARNING * * *
Wield which item (- for none, * to show all)? (? for menu, Esc to quit)
a - 19 stones (in hand)
Casting: Stone Arrow
Confirm with . or Enter, or press ? or * to list all spells.
Aiming: Sandblast
Press: ? - help, Shift-Dir - straight line, f/p - centaur
Aim: a centaur, wielding a shortbow (heavily wounded, poisoned)
The rocky blast misses the centaur.
The centaur shoots an arrow of flame.
The arrow of flame hits you.
* * * LOW HITPOINT WARNING * * *
The arrow of flame burns you.
* * * LOW HITPOINT WARNING * * *
The centaur shoots an arrow of flame.
The arrow of flame hits you.
* * * LOW HITPOINT WARNING * * *
The arrow of flame burns you.
You die...

..... . #.#.# (########
#(# ..... .. #....# #.#
#.#.# #.# #....# #.# #.#.#
..# #....# #.#
###.#.##.####...(# ###.#
.....>......+...c+ ...##
#####.#######....######..#
...##.# #..@........#
...'..# ##########..##
)..##.###### #...#######
...##......# #..).......
...##.###### ###......#.
...##.# ##.....#. ...##.#
#####.#. ...##.# #.##
#####.# ##+####


You could see a centaur.

Vanquished Creatures
  The ghost of mrath the Magician, an average SpWz (D:3)
  A phantom (D:4)
  A scorpion (D:3)
  A giant frog skeleton (D:4)
  A giant frog zombie (D:5)
  A jelly (D:5)
  A centaur skeleton (D:5)
  An iguana (D:5)
  A hound (D:4)
  An orc wizard (D:4)
  A worker ant (D:4)
  6 adders
  2 oozes (D:1)
  An adder skeleton (D:3)
  2 worms (D:2)
  6 giant geckos
  10 orcs (D:4)
  6 bats
  4 giant cockroaches
  8 goblins
  9 hobgoblins
  7 kobolds
  4 quokkas
  A ball python (D:4)
  A ball python skeleton (D:4)
  2 giant newts
  12 jackals
  A quokka skeleton (D:4)
  15 rats
108 creatures vanquished.

Vanquished Creatures (others)
  A goblin (D:4)
1 creature vanquished.

Grand Total: 109 creatures vanquished

Notes
Turn   | Place    | Note
--------------------------------------------------------------
     0 | D:1      | mrath the Gargoyle Earth Elementalist began the quest for the Orb.
     0 | D:1      | Reached XP level 1. HP: 10/10 MP: 3/3
   170 | D:1      | Found a shattered altar of Ashenzari.
   238 | D:1      | Reached skill level 4 in Earth Magic
   238 | D:1      | Reached XP level 2. HP: 15/15 MP: 3/5
   546 | D:1      | Learned a level 2 spell: Stoneskin
   620 | D:1      | Reached XP level 3. HP: 19/19 MP: 3/6
   924 | D:1      | Learned a level 3 spell: Stone Arrow
  1554 | D:2      | Reached XP level 4. HP: 3/24 MP: 1/8
  1937 | D:2      | Reached skill level 5 in Earth Magic
  2796 | D:3      | Noticed mrath's ghost (average SpWz)
  3553 | D:3      | Reached XP level 5. HP: 18/28 MP: 5/9
  4323 | D:3      | Killed mrath's ghost
  4323 | D:3      | Reached XP level 6. HP: 19/32 MP: 0/12
  4510 | D:3      | Learned a level 5 spell: Lee's Rapid Deconstruction
  4514 | D:4      | Noticed ololoev's ghost (average DrAE)
  5097 | D:3      | Reached skill level 6 in Earth Magic
  5568 | D:4      | Found an opulent altar of Gozag.
  5574 | D:4      | Reached XP level 7. HP: 36/36 MP: 8/13
  5610 | D:4      | Found an iron altar of Okawaru.
  5780 | D:4      | Found a staircase to the Ecumenical Temple.
  5824 | Temple   | Entered the Ecumenical Temple
  5882 | Temple   | Became a worshipper of Vehumet
  5923 | D:4      | Reached skill level 7 in Earth Magic
  6340 | D:4      | Paralysed by ololoev's ghost for 6 turns
  6807 | D:5      | Entered Level 5 of the Dungeon
  7571 | D:5      | HP: 1/37 [centaur/arrow of flame (5)]
  7571 | D:5      | Shot with an arrow of flame by a centaur

Vault maps used:
D:1:      dpeg_arrival_rooms_c, minmay_splitting_lines, evilmike_ruin_ashenzari
D:4:      kennysheep_goblin_castle, nicolae_overflow_hidden_temple,
          minmay_temple_entry_trees, first_bread
D:5:      st_stairs_11, lemuel_blue_sif_altar
Temple:   circular_temple_12

Action                   |  1- 3 |  4- 6 |  7- 9 || total
-------------------------+-------+-------+-------++-------
Melee: Club              |    18 |     2 |       ||    20
       Dagger            |       |    34 |     8 ||    42
       Flail             |       |       |    20 ||    20
 Fire: Blowgun           |       |     5 |    13 ||    18
Throw: Javelin           |       |    17 |       ||    17
 Cast: Sandblast         |    65 |    89 |    48 ||   202
       Stone Arrow       |       |     9 |     5 ||    14
       Stoneskin         |       |     4 |     2 ||     6
  Use: Potion            |       |       |     2 ||     2
 Stab: Sleeping          |       |     1 |       ||     1
  Eat: Chunk             |     3 |     5 |       ||     8
       Bread ration      |       |     2 |     1 ||     3
       Beef jerky        |       |     1 |       ||     1
